Map: [ESL] Solaris

Players

Scarlett

  • Race: Zerg Zerg
  • Spawn Location: 7:00

Spirit - Winner!

  • Race: Terran Terran
  • Spawn Location: 1:00

Event: IEM Katowice 2024

VOD

Have the link to the VOD?

Description

Time

  • Played on: Feb. 8, 2024, 5:40 a.m.
  • Length: 14:28

All games in this series

Show
View Real Time Build Order
Export as new Build Order

Scarlett Zerg 

Build Orders: Hatch First 

Get SALT Encoding   

  12  0:00  Drone  
  13  0:12  Overlord  
  13  0:17  Drone  
  14  0:30  Drone x2  
  16  0:47  Hatchery  
  15  0:50  Drone  
  15  0:53  Drone  
  18  0:57  Drone  
  18  1:08  Extractor  
  17  1:12  Spawning Pool  
  17  1:15  Drone  
  17  1:19  Drone  
  18  1:27  Drone  
  19  1:38  Drone  
  20  1:49  Drone  
  21  1:59  Queen x2  
  21  2:00  Zergling x4  
  27  2:10  Drone  
  27  2:12  Overlord  
  28  2:19  Hatchery  
  27  2:23  Drone  
  28  2:31  Drone x2  
  28  2:33  Drone  
  31  2:37  Queen  
  31  2:44  Metabolic Boost  
  33  2:48  Overlord  
  33  2:50  Drone  
  34  2:55  Drone  
  34  2:57  Drone  
  36  3:09  Drone x5  
  36  3:11  Queen  
  43  3:18  Overlord  
  43  3:25  Drone x2  
  43  3:30  Queen  
  43  3:33  Overlord  
  45  3:35  Zergling x2  
  45  3:40  Zergling x8  
  50  3:42  Queen  
  50  3:47  Overlord  
  52  3:52  Drone  
  52  3:53  Drone x3  
  56  4:02  Drone x4  
  60  4:09  Overlord  
  60  4:21  Drone x6  
  65  4:25  Queen x2  
  65  4:31  Drone x3  
  72  4:37  Lair  
  72  4:41  Drone x3  
  75  4:45  Zergling x2  
  75  4:50  Zergling x4  
  78  4:55  Zergling x4  
  78  4:59  Zergling x6, Extractor  
  82  5:00  Extractor  
  82  5:01  Extractor, Overlord, Hatchery  
  82  5:05  Evolution Chamber  
  82  5:06  Evolution Chamber  
  76  5:07  Drone x5  
  76  5:10  Spore Crawler  
  76  5:11  Spore Crawler  
  76  5:12  Overlord  
  79  5:20  Drone x4  
  83  5:23  Extractor  
  83  5:27  Extractor, Queen  
  83  5:28  Drone x2  
  87  5:33  Zerg Missile Weapons Level 1, Drone x3, Zerg Ground Armor Level 1  
  88  5:40  Drone  
  89  5:46  Hatchery  
  89  5:49  Drone x6  
  94  5:54  Overseer, Hydralisk Den  
  91  5:57  Drone  
  91  5:58  Drone x3  
  91  6:01  Overlord  
  93  6:04  Spore Crawler  
  93  6:08  Drone x4  
  93  6:10  Drone x2  
  95  6:14  Overlord  
  95  6:20  Drone x4  
  95  6:23  Spore Crawler  
  95  6:25  Overseer  
  97  6:27  Drone x4  
  97  6:28  Grooved Spines  
  101  6:33  Hydralisk x2  
  101  6:38  Drone x3  
  101  6:39  Drone x3  
  112  6:40  Drone  
  112  6:42  Hydralisk  
  112  6:46  Hydralisk x2  
  118  6:53  Overlord x2  
  118  6:56  Unknown  
  118  6:58  Infestation Pit  
  118  6:59  Hydralisk x3  
  122  7:04  Overlord  
  122  7:05  Overlord  
  122  7:08  Hydralisk  
  122  7:12  Hydralisk x3  
  130  7:19  Drone  
  130  7:20  Hydralisk x5  
  141  7:25  Hydralisk x2  
  141  7:27  Muscular Augments  
  145  7:37  Zerg Ground Armor Level 2, Zerg Missile Weapons Level 2  
  145  7:38  Hydralisk  
  145  7:40  Drone x3  
  145  7:44  Overlord x3  
  150  7:45  Hydralisk  
  150  7:47  Hydralisk  
  150  7:50  Hydralisk  
  156  7:57  Extractor  
  156  7:58  Hydralisk  
  155  8:02  Overlord  
  155  8:03  Hydralisk x2  
  163  8:10  Hydralisk x3  
  168  8:14  Extractor, Hydralisk x2  
  168  8:17  Hydralisk x4  
  170  8:24  Hydralisk x3  
  174  8:27  Overlord x2  
  174  8:38  Hydralisk x6  
  165  8:42  Hydralisk  
  165  8:46  Zergling x2, Hydralisk  
  165  8:47  Zergling x10  
  173  8:54  Hatchery  
  172  8:57  Overseer  
  172  8:59  Hydralisk  
  174  9:07  Hydralisk x3  
  140  9:12  Hydralisk x2  
  140  9:16  Hydralisk x4  
  141  9:25  Overlord x3  
  141  9:39  Overlord  
  140  9:46  Hydralisk x2  
  140  9:50  Infestor  
  146  9:55  Overlord x2  
  136  10:03  Infestor x2  
  136  10:06  Hydralisk x5  
  130  10:08  Queen  
  130  10:12  Hydralisk x2  
  136  10:17  Hydralisk  
  136  10:18  Zergling x18  
  147  10:25  Zerg Melee Weapons Level 1  
  147  10:26  Zergling x8  
  151  10:31  Zergling x2, Hydralisk  
  151  10:32  Zergling x4  
  125  10:53  Infestor x2  
  125  10:54  Burrow  
  129  10:57  Hatchery  
  128  11:05  Drone x11  
  128  11:07  Baneling Nest  
  138  11:30  Hive  
  138  11:42  Extractor  
  138  11:43  Drone x3  
  138  11:45  Overlord x2  
  138  11:46  Overlord, Hatchery  
  139  11:49  Extractor  
  139  11:52  Centrifugal Hooks  
  138  11:56  Hydralisk x9  
  138  12:01  Infestor x4  
  156  12:03  Drone x4  
  153  12:18  Overlord x2  
  153  12:20  Hydralisk x5  
  160  12:32  Hydralisk x3  
  158  12:38  Infestor x3  
  158  12:40  Hydralisk x4  
  158  12:43  Viper  
  160  13:00  Zergling x12  
  160  13:03  Hatchery  
  160  13:15  Hydralisk x6  
  160  13:17  Infestor  
  167  13:25  Baneling x8, Hatchery  
  167  13:26  Zergling x2  
  167  13:27  Zergling x4  
  169  13:42  Unknown  
  169  13:43  Zergling x24  
  169  13:45  Baneling x12  
  170  14:01  Zergling x18  
Show
View Real Time Build Order
Export as new Build Order

Spirit Terran - Winner!

Build Orders: Command Center First, Hellion Banshee 

Get SALT Encoding   

  12  0:00  SCV  
  13  0:12  SCV  
  14  0:17  Supply Depot  
  14  0:24  SCV  
  15  0:38  SCV  
  16  0:50  SCV  
  17  0:59  Command Center  
  17  1:02  SCV  
  18  1:14  Barracks  
  18  1:16  SCV  
  19  1:20  Refinery  
  19  1:28  SCV  
  19  1:31  Refinery  
  20  1:40  SCV  
  21  1:54  SCV  
  22  2:02  Reaper  
  22  2:07  Orbital Command  
  23  2:10  Orbital Command  
  23  2:21  Factory  
  23  2:23  Supply Depot  
  23  2:34  SCV  
  23  2:35  Barracks Reactor  
  25  2:37  SCV  
  25  2:47  SCV  
  25  2:49  SCV  
  27  2:59  SCV  
  27  3:00  Command Center  
  27  3:01  SCV  
  29  3:06  Starport  
  29  3:11  SCV  
  30  3:13  SCV  
  30  3:15  Hellion  
  30  3:18  Hellion  
  35  3:23  SCV  
  35  3:25  SCV  
  37  3:28  Barracks Tech Lab  
  37  3:32  Supply Depot  
  37  3:35  SCV  
  37  3:37  SCV  
  41  3:41  Hellion x2  
  41  3:47  SCV  
  44  3:49  SCV  
  44  3:51  Cloaking Field  
  44  3:54  Banshee  
  44  3:55  Barracks Tech Lab  
  48  3:59  SCV  
  48  4:01  SCV  
  50  4:04  Hellion x2  
  54  4:11  SCV  
  54  4:13  SCV  
  56  4:22  Stimpack  
  56  4:23  Orbital Command, SCV  
  56  4:26  Hellion x2, SCV  
  56  4:31  Supply Depot  
  61  4:36  Banshee, SCV  
  61  4:38  SCV  
  66  4:39  Marine  
  66  4:44  Orbital Command  
  67  4:48  SCV  
  67  4:50  SCV  
  69  4:52  Refinery  
  69  4:53  Barracks, Factory Reactor  
  69  4:54  Refinery  
  69  4:55  Barracks, Supply Depot  
  69  4:57  Marine  
  70  5:00  SCV  
  70  5:01  Engineering Bay  
  70  5:02  SCV  
  70  5:03  Engineering Bay  
  72  5:10  SCV  
  72  5:12  SCV  
  74  5:14  SCV  
  74  5:15  Marine  
  74  5:17  Barracks  
  74  5:19  Barracks  
  76  5:22  SCV, Supply Depot  
  76  5:24  Supply Depot, SCV  
  79  5:28  SCV  
  79  5:29  Starport Reactor  
  79  5:30  Terran Infantry Weapons Level 1, Terran Infantry Armor Level 1  
  79  5:34  SCV  
  79  5:35  Supply Depot  
  80  5:37  SCV  
  80  5:40  SCV  
  82  5:47  Marine x3  
  82  5:48  SCV  
  86  5:50  SCV  
  86  5:52  Marine  
  86  5:53  Siege Tank  
  91  5:58  Marine  
  91  6:01  Supply Depot, SCV x2  
  91  6:02  Combat Shield  
  94  6:05  Barracks Reactor x2, Marine x3  
  94  6:10  Marine  
  98  6:13  SCV x2  
  98  6:14  SCV  
  98  6:16  Bunker, Marine, Refinery  
  102  6:19  Supply Depot  
  102  6:23  Marine x3  
  102  6:25  SCV x2  
  107  6:26  Siege Tank  
  107  6:27  Marine, Medivac  
  107  6:29  Medivac  
  115  6:33  SCV  
  115  6:34  Marine  
  117  6:40  Marine x3, SCV x2  
  117  6:44  Marine x2  
  117  6:45  SCV  
  117  6:46  Supply Depot  
  125  6:47  Supply Depot  
  125  6:53  Armory, Marine x4  
  125  6:54  SCV  
  130  6:58  Marine x3  
  133  7:07  Medivac x2, Marine  
  133  7:08  Siege Tank, Marine  
  141  7:11  Marine x4  
  146  7:15  Supply Depot  
  146  7:16  Marine x3, Supply Depot  
  149  7:36  Marine x8  
  149  7:37  Marine  
  149  7:40  Supply Depot  
  149  7:43  Supply Depot  
  149  7:44  Terran Infantry Weapons Level 2, Terran Infantry Armor Level 2  
  158  7:47  Siege Tank  
  158  7:49  Medivac  
  163  7:54  Marine x2  
  165  7:59  Hellion x3  
  165  8:01  Marine x7  
  166  8:10  SCV  
  166  8:12  Marine x2, SCV  
  164  8:14  SCV  
  164  8:19  Marine x7  
  170  8:22  SCV  
  170  8:24  SCV  
  170  8:26  SCV  
  172  8:30  Marine x2  
  173  8:34  SCV  
  173  8:36  Marine x7, SCV  
  173  8:38  SCV  
  166  8:48  Marine x2  
  167  8:54  Command Center, Marine x7  
  167  8:55  Factory  
  168  9:05  Barracks x2  
  168  9:06  Marine x2  
  168  9:07  Barracks  
  152  9:12  Marine x3  
  152  9:13  Terran Vehicle Weapons Level 1  
  152  9:14  Marine, Medivac x2  
  152  9:16  Siege Tank  
  163  9:19  Marine x3  
  163  9:21  SCV  
  163  9:23  Marine x2  
  169  9:24  SCV  
  169  9:29  SCV  
  169  9:30  Marine x3  
  174  9:32  Marine  
  174  9:33  SCV  
  174  9:37  Marine  
  177  9:39  Ghost Academy  
  177  9:40  Marine  
  177  9:42  SCV  
  177  9:44  Medivac, Refinery  
  180  9:46  Marine  
  181  9:53  Factory Tech Lab  
  181  9:58  Marine x3  
  181  9:59  Marine x2, SCV x2  
  172  10:00  Marine  
  172  10:01  Marine x3  
  172  10:04  Marine  
  172  10:06  Siege Tank  
  170  10:08  Command Center  
  170  10:16  Marine  
  170  10:17  Barracks Tech Lab x3  
  170  10:18  Liberator x2  
  175  10:26  SCV x2  
  175  10:31  SCV  
  175  10:34  Planetary Fortress  
  176  10:38  SCV  
  176  10:39  Marine x4  
  176  10:40  Marine  
  171  10:43  SCV  
  171  10:49  Marine  
  152  10:50  Marine x5  
  152  10:52  Sensor Tower  
  152  10:53  Ghost  
  158  10:58  Refinery  
  158  11:01  Marine, Medivac x2  
  163  11:07  Ghost x2  
  163  11:10  Siege Tank  
  170  11:11  Terran Infantry Weapons Level 3  
  170  11:12  Refinery  
  170  11:17  Siege Tank  
  173  11:23  Marauder x2, Marine  
  178  11:31  Medivac  
  180  11:34  Marine  
  180  11:35  Sensor Tower  
  180  11:37  Marauder x2  
  180  11:38  Marine  
  186  11:42  Siege Tank  
  186  11:44  Marauder  
  186  11:45  Marauder  
  193  11:49  Siege Tank  
  193  11:53  Marine  
  197  11:55  Planetary Fortress  
  197  11:58  Marine, Marauder  
  200  12:05  Missile Turret  
  200  12:06  Sensor Tower  
  200  12:15  Command Center, Marine  
  191  12:17  Marine  
  191  12:20  Siege Tank  
  191  12:22  Siege Tank  
  199  12:27  Starport  
  196  12:31  Fusion Core  
  193  12:38  Ghost  
  193  12:42  Marine  
  193  12:43  Marauder  
  193  12:52  Siege Tank, Marine x6  
  200  12:58  Marine  
  192  13:15  Medivac x2  
  177  13:21  Starport Reactor  
  177  13:24  Siege Tank  
  180  13:29  Command Center  
  180  13:31  Command Center  
  180  13:32  Orbital Command  
  180  13:35  Siege Tank  
  180  13:37  Ghost x2  

Tags
 
Add a new tag
Caveats
  • Supply blocks, unpowered buildings, or Contaminate may cause inaccurate times.
  • Supply counts are checked every 10 seconds.